 Dungeon Crawl Stone Soup version 0.29-a0-563-g64e4043184 (webtiles) character file.

Game seed: 10908562246331408778

1 spaghetti the Skirmisher (level 1, -1/18 HPs)
             Began as a Demonspawn Berserker on June 12, 2022.
             Was a Follower of Trog.
             Slain by a goblin
             ... wielding a +0 dagger
              (4 damage)
             ... on level 1 of the Dungeon.
             The game lasted 00:00:07 (42 turns).

spaghetti the Skirmisher (Demonspawn Berserker)       Turns: 42, Time: 00:00:08

Health: -1/18      AC:  2    Str: 17    XL:     1   Next: 16%
Magic:  1/1        EV: 12    Int:  8    God:    Trog [*.....]
Gold:   0          SH:  0    Dex: 12    Spells: 0/0 levels left

rFire   . . .      SeeInvis .     - Unarmed
rCold   . . .      Faith    .   (no shield)
rNeg    . . .      Spirit   .   a - +0 animal skin
rPois   .          Reflect  .   (no helmet)
rElec   .          Harm     .   (no cloak)
rCorr   .          Rampage  .   (no gloves)
Will    .....                   (no boots)
Stlth   +.........              (no amulet)
HPRegen 0.06/turn               (no ring)
MPRegen 0.07/turn               (no ring)

@: no status effects
A: no striking features
a: Renounce Religion, Berserk


You were on level 1 of the Dungeon.
You worshipped Trog.
Trog was aware of your devotion.
You visited 1 branch of the dungeon, and saw 1 of its levels.


   Skills:
 - Level 3.0 Fighting
 - Level 1.7 Armour
 - Level 1.7 Dodging
 + Level 2.8 Unarmed Combat


You couldn't memorise any spells.
You didn't know any spells.
Your spell library was empty.

Inventory:

Armour
 a - a +0 animal skin (worn)
Magical Staves
 b - a staff of earth {forbidden!astaff}
   (You found it on level 1 of the Dungeon)
Scrolls
 c - a scroll of teleportation {unknown}
Potions
 d - a potion of curing {unknown}

Dungeon Overview and Level Annotations

Branches:
Dungeon (1/15)

Altars:

#..... #....#.#
#######....#.#
#..........#.#
#..........#.#
#..........#.# ##
#..........#.# ..#
##..........#h#...#
#............@g...+
#.######..#.#h#...#
#.# #....#.# .....
#.## #.####.# ####
#..# #.. #.# #''#
### #.# #..# ..#
###''### ..#
#.ยงยง...#


You could see 2 jackals and a goblin.


Message History

๐Ÿค– Initializing magus.rc ...
Options error: Delay interrupt name "hungry" not recognised. (~/.crawlrc:4761) Options error: Bad monster_list_colour key: strict_neutral (~/.crawlrc:4776) Bad channel name for runrest: 'pray:' โœ… Successfully initialized magus.rc [v1.9.6] Welcome, spaghetti the Demonspawn Berserker.
Are you destined to find the astounding Orb of Zot, or to die trying?
Trog says: Kill them all!
Press ? for a list of commands and other information.
Found a staircase leading out of the dungeon.
You open the large door.
There is a large open door here.
b - a staff of earth {forbidden!astaff} You open the large door.
There is a large open door here.
You open the large door.
There is a large open door here.
c - a scroll labelled UBLUSORCH AMYLL
d - a glowing amethyst potion No target in view! 2 jackals come into view.
There are monsters nearby!
There are monsters nearby!
There are monsters nearby!
A jackal comes into view.
The jackal barks! x2
You completely miss the jackal. You barely miss the jackal.
The jackal bites you. x2; The jackal misses you. ๐Ÿ˜• HP[-3]
You take 3 damage, and now have 15/18 hp.
You are too injured to fight recklessly!
You are too injured to fight recklessly!
You are too injured to fight recklessly!
You are too injured to fight recklessly!
You are too injured to fight recklessly!
You are too injured to fight recklessly!
You are too injured to fight recklessly!
You are too injured to fight recklessly!
You are too injured to fight recklessly!
You are too injured to fight recklessly!
You are too injured to fight recklessly!
You are too injured to fight recklessly!
You are too injured to fight recklessly!
You are too injured to fight recklessly!
You are too injured to fight recklessly!
You are too injured to fight recklessly!
Unknown command.
You completely miss the jackal. The jackal closely misses you.
The jackal bites you. x2 ๐Ÿ˜ฎ HP[-2]
You take 2 damage, and now have 13/18 hp.
You hit the jackal. The jackal bites you. The jackal closely misses you.
The jackal misses you. ๐Ÿ˜ฎ HP[-2]
You take 2 damage, and now have 11/18 hp.
You hit the jackal.
You kill the jackal!
Trog accepts your kill. The jackal barely misses you.
The jackal bites you but does no damage.
A goblin comes into view. It is wielding a +0 dagger.
The jackal barely misses you. x2
You hit the jackal.
The jackal bites you but does no damage.
The jackal bites you. ๐Ÿ˜ฎ HP[-1]
You take 1 damage, and now have 10/18 hp.
You hit the jackal but do no damage. The jackal closely misses you.
The jackal bites you.
* * * LOW HITPOINT WARNING * * *
The goblin hits you with a +0 dagger.
* * * LOW HITPOINT WARNING * * *
๐Ÿ˜จ HP[-3]
You take 3 damage, and now have 7/18 hp.
You barely miss the jackal. The jackal bites you.
* * * LOW HITPOINT WARNING * * *
The jackal bites you but does no damage.
The goblin hits you with a +0 dagger.
* * * LOW HITPOINT WARNING * * *
The jackal closely misses you. The jackal bites you.
* * * LOW HITPOINT WARNING * * *
๐Ÿ˜ฑ HP[-4]
You take 4 damage, and now have 3/18 hp.
MASSIVE DAMAGE!! (PAUSE) Unknown command.
You miss the jackal. The goblin hits you with a +0 dagger.
You die...

Action                   || total
-------------------------++-------
Melee: Unarmed           ||     9
Armor: Animal skin       ||     3
Dodge: Dodged            ||     9

Levels and vault maps discovered:
D:1:      lightli_arrival_lavapool, layout_basic, dreamdust_wishing_well

Notes
Turn   | Place    | Note
-------+----------+-------------------------------------------
     0 | D:1      | spaghetti the Demonspawn Berserker began the quest for the
                  | Orb.
     0 | D:1      | Reached XP level 1. HP: 18/18 MP: 1/1
     0 | D:1      | magus.rc [v1.9.6]
    41 | D:1      | HP: 4/18 [goblin/+0 dagger (2)]
    42 | D:1      | Slain by a goblin

Vanquished Creatures
  A jackal (D:1)
1 creature vanquished.

Table legend:
 A = Non-vault XP
 B = Vault XP
 C = Vault XP percentage of total XP
 D = Non-vault monster count
 E = Vault monster count
 F = Vault count percentage of total count
                 A         B        C        D         E       F
            +---------+---------+-------+---------+---------+-------
      Total |       2 |       0 |   0.0 |       1 |       0 |   0.0
            +---------+---------+-------+---------+---------+-------
        D:1 |       2 |       0 |   0.0 |       1 |       0 |   0.0
            +---------+---------+-------+---------+---------+-------

Illustrated notes

Table legend:
 A = Kills in this place as a percentage of kills in entire the game.
 B = Kills by you in this place as a percentage of kills by you in the entire game.
 C = Kills by friends in this place as a percentage of kills by friends in the entire game.
 D = Other kills in this place as a percentage of other kills in the entire game.
 E = Experience gained in this place as a percentage of experience gained in the entire game.
 F = Experience gained in this place divided by the number of levels of this place that you have seen.
                   A       B       C       D       E      F
               +-------+-------+-------+-------+-------+----------------------
         Total | 100.0 | 100.0 |   N/A |   N/A | 100.0 |   2.0
       Dungeon | 100.0 | 100.0 |   N/A |   N/A | 100.0 |   2.0
               +-------+-------+-------+-------+-------+----------------------

Table legend: (Time is in decaauts)
 A = Elapsed time spent in this place.
 B = Non-inter-level travel time spent in this place.
 C = Inter-level travel time spent in this place.
 D = Time resting spent in this place.
 E = Time spent auto-exploring this place.
 F = Levels seen in this place.
 G = Mean time per level.
                   A        B        C        D        E       F      G
               +--------+--------+--------+--------+--------+-----+--------+
         Total |     41 |     41 |      0 |      0 |     29 |   1 |   41.0 |
       Dungeon |     41 |     41 |      0 |      0 |     29 |   1 |   41.0 |
               +--------+--------+--------+--------+--------+-----+--------+

Top non-repeatable levels by time:
     D:1: 41 daAuts
